 Dungeon Crawl Stone Soup version 0.27.1-37-g7b29ead8ac (console) character file.

Game seed: 16316945992747947733

0 grimtooth the Skirmisher (level 1, 0/19 HPs)
             Began as a Palentonga Abyssal Knight on May 14, 2023.
             Was a Follower of Lugonu.
             Slain by a quasit (1 damage)
             ... on level 1 of the Dungeon.
             The game lasted 00:00:33 (69 turns).

grimtooth the Skirmisher (Palentonga Abyssal Knight)  Turns: 69, Time: 00:00:34

Health: 0/19       AC:  4    Str: 15      XL:     1   Next: 0%
Magic:  2/2        EV:  9    Int: 12      God:    Lugonu [*.....]
Gold:   0          SH:  0    Dex:  2 (9)  Spells: 0/0 levels left

rFire    . . .     SeeInvis +   a - +1 hand axe
rCold    . . .     Faith    .   (no shield)
rNeg     . . .     Spirit   .   b - +0 leather armour
rPois    .         Reflect  .   (no helmet)
rElec    .         Harm     .   (no cloak)
rCorr    .         Rampage  .   (no gloves)
Will     .....                  (no barding)
Stlth    ..........             (no amulet)
HPRegen  0.06/turn              (no ring)
MPRegen  0.08/turn              (no ring)

@: no status effects
A: large, rugged brown scales 3, see invisible, deformed body, roll 1, armoured
tail
a: Rolling Charge, Renounce Religion, Depart the Abyss


You were on level 1 of the Dungeon.
You worshipped Lugonu.
Lugonu was aware of your devotion.
You visited 1 branch of the dungeon, and saw 1 of its levels.
You visited the Abyss 1 time.

Inventory:

Hand Weapons
 a - a +1 hand axe (weapon)
Armour
 b - a +0 leather armour (worn)


   Skills:
 - Level 3.0 Fighting
 + Level 2.0 Axes
 - Level 1.5 Armour
 - Level 0.7 Dodging
 - Level 2.0 Invocations


You couldn't memorise any spells.
You didn't know any spells.
Your spell library was empty.

Dungeon Overview and Level Annotations

Branches:
Dungeon (1/15)

Altars:


Innate Abilities, Weirdness & Mutations

You are completely covered in rugged brown scales. (AC +3, +7% HP)
You have supernaturally acute eyesight. (SInv)
Armour fits poorly on your strangely shaped body.
You can roll at nearby foes to attack.
You have a long armoured tail.


Message History

The quasit bites you but does no damage.
The quasit barely misses you. x2
You hit the quasit.
The quasit is moderately wounded.
The quasit bites you. The quasit claws you.
You feel clumsy.
The quasit claws you but does no damage.
The quasit closely misses you. The quasit claws you.
You feel clumsy. The quasit claws you.
You closely miss the quasit.
The quasit is moderately wounded.
The quasit bites you but does no damage.
The quasit claws you but does no damage.
The quasit claws you.
You feel clumsy.
You closely miss the quasit.
The quasit is moderately wounded.
The quasit barely misses you. The quasit claws you.
* * * LOW HITPOINT WARNING * * *
The quasit claws you.
* * * LOW HITPOINT WARNING * * *
You feel clumsy. The quasit misses you. The quasit closely misses you.
The quasit barely misses you.
You closely miss the quasit.
The quasit is moderately wounded.
The quasit misses you. The quasit claws you.
* * * LOW HITPOINT WARNING * * *
You feel clumsy.
The quasit claws you but does no damage.
You barely miss the quasit.
The quasit is moderately wounded.
The quasit bites you but does no damage.
The quasit claws you but does no damage.
The quasit claws you.
* * * LOW HITPOINT WARNING * * *
You feel clumsy. The quasit bites you.
You die...

## ##.## ##
..####...####...
....#..≈..#.....
..≈....≈....≈..8
...≈..≈≈≈..≈...#
....≈≈≈≈≈≈≈.....
..≈≈≈≈...≈≈≈≈...
≈≈≈≈≈..5..≈≈≈≈≈.
..≈≈≈≈..@≈≈≈≈...
....≈≈≈≈≈≈≈.....
...≈..≈≈≈..≈...#
..≈....≈....≈..8
....#$.≈..#.....
..####...####...
## ##.## ##. ..


You could see a quasit.

Vanquished Creatures (others)
  2 starspawn tentacles (Abyss:1)
2 creatures vanquished.

Notes
Turn   | Place    | Note
-------+----------+-------------------------------------------
     0 | Abyss:1  | grimtooth the Palentonga Abyssal Knight began the quest for
                  | the Orb.
     0 | Abyss:1  | Reached XP level 1. HP: 19/19 MP: 2/2
    38 | Abyss:1  | Noticed a tentacled starspawn
    51 | Abyss:1  | Noticed a quasit
    60 | D:1      | Escaped the Abyss
    69 | D:1      | Slain by a quasit

Illustrated notes

Levels and vault maps discovered:
D:1:      eino_arrival_water_star, layout_loops_cross, basic_ecumenical_altar,
          serial_shops, shop_fountains, chequers_serial_rivers_small_b,
          minivault_24, minmay_misc_feat_diagonals, chequers_decorated_corner

Action                   || total
-------------------------++-------
Melee: Hand axe          ||     8
Armor: Leather armour    ||    15
Dodge: Dodged            ||    17
